Map: [ESL] Site Delta

Players

Dark - Winner!

  • Race: Zerg Zerg
  • Spawn Location: 5:00

ByuN

  • Race: Terran Terran
  • Spawn Location: 11:00

Event: ESL Spring 2024 Finals

VOD

Have the link to the VOD?

Description

Time

  • Played on: June 1, 2024, 5:21 p.m.
  • Length: 20:44

All games in this series

Show
View Real Time Build Order
Export as new Build Order

Dark Zerg - Winner!

Build Orders: Hatch First, Lurkers 

Get SALT Encoding   

  12  0:00  Drone  
  13  0:12  Overlord  
  13  0:17  Drone  
  14  0:30  Drone x2  
  16  0:48  Hatchery  
  15  0:51  Drone  
  15  0:55  Drone  
  17  0:57  Drone  
  18  1:08  Extractor  
  17  1:13  Spawning Pool  
  17  1:16  Drone  
  17  1:19  Drone  
  18  1:29  Drone  
  19  1:41  Drone  
  20  1:50  Drone  
  21  1:59  Queen  
  21  2:00  Queen  
  21  2:01  Zergling x4  
  27  2:09  Metabolic Boost  
  27  2:12  Overlord  
  27  2:16  Zergling x2  
  28  2:35  Drone  
  28  2:36  Hatchery, Drone  
  29  2:43  Queen  
  31  2:45  Drone x2  
  31  2:51  Overlord  
  33  2:57  Drone x2  
  35  3:00  Zergling x2  
  36  3:10  Zergling x2  
  36  3:11  Zergling x2  
  39  3:12  Queen  
  39  3:14  Overlord  
  39  3:15  Drone x2  
  39  3:18  Drone x2  
  44  3:25  Overlord  
  44  3:31  Queen  
  44  3:33  Zergling x2  
  47  3:34  Drone x2  
  47  3:37  Drone  
  50  3:44  Drone  
  50  3:45  Drone  
  50  3:46  Hatchery  
  50  3:48  Drone  
  52  3:50  Drone  
  52  3:53  Queen  
  55  3:58  Drone x2  
  57  4:03  Drone x3  
  57  4:06  Overlord  
  60  4:22  Overlord x2  
  60  4:24  Queen  
  60  4:26  Drone x4  
  64  4:32  Queen  
  64  4:34  Drone  
  67  4:42  Drone  
  69  4:45  Drone x2  
  69  4:46  Drone  
  69  4:49  Drone x2  
  73  5:01  Zergling x6  
  73  5:06  Drone x2, Evolution Chamber  
  78  5:07  Drone, Queen, Spore Crawler  
  78  5:08  Spore Crawler, Evolution Chamber  
  78  5:09  Drone  
  78  5:10  Drone  
  78  5:14  Drone  
  80  5:21  Drone  
  81  5:22  Overlord  
  81  5:24  Overlord  
  81  5:29  Overlord  
  81  5:35  Baneling Nest  
  81  5:36  Hatchery, Zerg Melee Weapons Level 1  
  81  5:38  Queen  
  81  5:40  Queen  
  81  5:41  Overlord  
  81  5:42  Zergling x6  
  86  5:45  Zergling x6  
  86  5:48  Queen  
  91  5:53  Extractor  
  91  5:54  Extractor  
  91  5:55  Zergling x10  
  94  6:01  Drone x2  
  94  6:03  Drone  
  96  6:08  Drone x3  
  94  6:11  Zerg Ground Armor Level 1  
  94  6:12  Drone  
  94  6:13  Drone  
  94  6:14  Drone  
  97  6:19  Drone x2  
  97  6:24  Zergling x6  
  102  6:26  Drone  
  102  6:29  Extractor  
  102  6:31  Extractor  
  101  6:33  Zergling x2, Lair  
  101  6:35  Baneling x2  
  101  6:36  Baneling  
  101  6:38  Zergling x4  
  97  6:49  Drone x9  
  97  6:52  Drone x4  
  102  6:59  Drone x2  
  106  7:01  Drone x2  
  106  7:06  Spore Crawler  
  106  7:07  Zergling x2  
  106  7:10  Baneling x3  
  106  7:11  Baneling x3  
  106  7:13  Hatchery  
  106  7:15  Zergling x6  
  108  7:18  Zergling x2  
  109  7:24  Drone x2, Extractor  
  109  7:27  Zergling x2  
  109  7:29  Hatchery  
  110  7:34  Zerg Melee Weapons Level 2  
  110  7:35  Centrifugal Hooks  
  110  7:36  Zergling x14  
  117  7:38  Hydralisk Den  
  117  7:39  Baneling x2  
  117  7:40  Zergling x2  
  117  7:41  Zergling x2  
  118  7:45  Zergling x2  
  118  7:46  Overlord  
  118  7:47  Overlord x3  
  118  7:49  Overlord  
  119  7:52  Overlord  
  118  8:05  Zergling x6  
  121  8:07  Zerg Ground Armor Level 2  
  121  8:09  Zergling x2, Grooved Spines  
  121  8:10  Zergling x18  
  131  8:25  Hatchery  
  129  8:27  Hydralisk x9  
  129  8:29  Hydralisk  
  129  8:31  Zergling x4  
  129  8:32  Zergling x2  
  150  8:35  Baneling x2  
  150  8:38  Zergling x2  
  150  8:40  Baneling x5  
  150  8:41  Zergling x2  
  152  8:43  Zergling x2  
  141  8:54  Zergling x10  
  128  8:57  Hydralisk x3  
  128  8:59  Muscular Augments  
  128  9:00  Zergling x14  
  130  9:03  Hydralisk x2  
  130  9:06  Baneling x2, Zergling x2  
  130  9:09  Queen x2, Zergling x2  
  135  9:16  Zergling x12  
  141  9:20  Zergling x2  
  141  9:21  Zergling x2  
  142  9:27  Zergling x4  
  142  9:30  Zergling x2  
  138  9:33  Zergling x2  
  138  9:44  Infestation Pit  
  138  9:45  Hydralisk x4  
  136  9:46  Zergling x2  
  136  9:47  Overseer  
  136  9:49  Zergling x6  
  148  9:52  Queen  
  148  9:53  Zerg Missile Weapons Level 1  
  148  9:58  Zergling x10  
  155  10:01  Hatchery  
  155  10:02  Drone  
  155  10:03  Drone  
  155  10:05  Drone  
  157  10:08  Baneling x3  
  157  10:11  Zergling x6  
  160  10:14  Zergling x2  
  160  10:15  Zergling x2  
  160  10:17  Baneling  
  160  10:20  Hive  
  160  10:21  Zergling x14  
  166  10:24  Hatchery  
  167  10:32  Zergling x8  
  167  10:33  Zergling x6  
  167  10:34  Baneling, Overseer  
  173  10:42  Zergling x8  
  164  10:47  Hydralisk x2  
  164  10:49  Drone x2  
  169  10:58  Baneling, Zergling x8  
  169  11:00  Baneling  
  172  11:04  Baneling  
  172  11:05  Baneling  
  172  11:06  Zergling x4, Overlord  
  172  11:07  Overlord x2  
  174  11:11  Baneling x3  
  174  11:12  Baneling  
  174  11:17  Zergling x12  
  180  11:26  Drone x3, Lurker Den  
  180  11:27  Zergling x2  
  180  11:28  Zergling x12  
  187  11:38  Zergling x10  
  161  11:41  Hydralisk  
  145  11:51  Zergling x12  
  114  11:55  Zergling x10  
  114  11:56  Hydralisk  
  114  11:59  Hydralisk x2  
  114  12:00  Hydralisk x3  
  126  12:01  Hydralisk  
  126  12:06  Hydralisk x2  
  129  12:09  Hydralisk x2  
  129  12:11  Zergling x2  
  129  12:14  Drone  
  135  12:15  Drone  
  135  12:17  Zerg Missile Weapons Level 2  
  135  12:19  Hydralisk x2  
  135  12:21  Baneling x5  
  140  12:23  Drone x3  
  140  12:26  Lurker  
  140  12:28  Drone  
  140  12:29  Zergling x2  
  146  12:30  Queen  
  146  12:31  Queen x2  
  146  12:32  Zergling x4  
  156  12:37  Zergling x4  
  135  12:53  Zergling x6  
  135  12:54  Zergling x20  
  135  12:58  Zergling x2  
  147  13:02  Zergling x2  
  147  13:04  Hatchery  
  147  13:05  Seismic Spines  
  147  13:10  Lurker x2  
  149  13:14  Zergling x12, Extractor  
  149  13:15  Zergling x2  
  149  13:17  Zergling x2  
  156  13:20  Lurker  
  156  13:21  Zergling x4  
  156  13:25  Zergling x2  
  156  13:26  Zergling x8  
  164  13:28  Zergling x2  
  164  13:29  Zergling x2  
  164  13:34  Lurker  
  167  13:38  Zergling x2  
  167  13:39  Zergling x10  
  172  13:46  Adrenal Glands  
  161  13:50  Zergling x10  
  161  13:51  Zergling x4  
  165  13:57  Drone x2  
  165  14:01  Drone x4  
  165  14:02  Adaptive Talons  
  171  14:03  Extractor  
  171  14:05  Zerg Ground Armor Level 3  
  170  14:13  Drone x5  
  170  14:14  Zergling x2  
  170  14:15  Zergling x6  
  179  14:18  Lurker  
  179  14:19  Lurker  
  171  14:26  Zergling x2  
  171  14:27  Zergling x8  
  171  14:29  Zergling x4  
  171  14:30  Lurker x2  
  180  14:42  Zerg Missile Weapons Level 3  
  180  14:43  Zergling x20  
  180  14:45  Overseer  
  190  14:57  Baneling  
  190  14:58  Zergling x18  
  197  15:05  Zergling x6  
  191  15:19  Zergling x36  
  186  15:28  Zergling x4  
  188  15:30  Baneling  
  188  15:31  Baneling x6  
  188  15:38  Baneling x4  
  188  15:39  Baneling  
  188  15:41  Lurker x7  
  195  15:47  Zergling x4  
  197  15:51  Baneling x3  
  197  15:53  Zergling x4  
  197  15:54  Zergling x2  
  183  16:05  Zergling x24  
  183  16:06  Zergling x10  
  183  16:08  Pneumatized Carapace  
  183  16:10  Zergling x12  
  199  16:13  Overlord  
  183  16:21  Zergling x16  
  184  16:29  Zergling x10  
  186  16:35  Hydralisk x3  
  187  16:40  Zergling x16  
  187  16:42  Zerg Melee Weapons Level 3  
  187  16:43  Zergling x2  
  187  16:45  Zergling x2  
  187  16:51  Hydralisk  
  187  16:53  Zergling x8  
  188  16:54  Hydralisk  
  188  16:57  Overseer  
  182  17:01  Zergling x4  
  149  17:11  Hydralisk x3  
  149  17:12  Hydralisk x3  
  149  17:14  Zergling x2  
  149  17:15  Zergling x2  
  152  17:21  Hydralisk x2  
  152  17:22  Baneling x10  
  153  17:23  Baneling x4  
  153  17:26  Zergling x2  
  151  17:33  Zergling x12  
  151  17:34  Zergling x4  
  156  17:41  Zergling x6  
  156  17:43  Zergling x4  
  160  17:47  Zergling x6  
  160  17:48  Hydralisk  
  158  17:52  Zergling x2  
  158  17:53  Zergling x4  
  158  17:59  Lurker x4  
  158  18:00  Lurker  
  154  18:13  Zergling x10  
  154  18:19  Overseer  
  156  18:23  Drone x2, Viper  
  156  18:24  Drone x2, Viper  
  156  18:25  Spore Crawler  
  157  18:34  Zergling x4  
  155  18:39  Baneling x6  
  155  18:40  Zergling x4  
  155  18:41  Zergling x2  
  153  18:53  Zergling x24  
  165  19:01  Zergling x10  
  168  19:06  Lurker  
  168  19:07  Lurker x4  
  168  19:08  Lurker  
  174  19:11  Baneling, Lurker  
  174  19:12  Baneling x2  
  174  19:15  Zergling x2  
  174  19:16  Zergling x4  
  175  19:26  Zergling x14  
  175  19:30  Baneling x5  
  182  19:31  Zergling x2  
  182  19:37  Zergling x2  
  182  19:38  Zergling x2  
  181  19:46  Zergling x10  
  181  19:56  Zergling x20  
  186  20:01  Zergling x4  
  186  20:06  Zergling x12  
  159  20:19  Zergling x12  
Show
View Real Time Build Order
Export as new Build Order

ByuN Terran 

Build Orders:  

Get SALT Encoding   

  12  0:00  SCV  
  13  0:12  SCV  
  14  0:18  Supply Depot  
  14  0:24  SCV  
  15  0:40  SCV  
  15  0:41  Barracks  
  16  0:43  Refinery  
  16  0:52  SCV  
  17  1:00  Barracks  
  18  1:04  SCV  
  18  1:16  SCV  
  19  1:28  Orbital Command, Reaper  
  19  1:31  Supply Depot  
  20  1:46  Reaper  
  21  1:53  SCV  
  22  2:02  Reaper  
  22  2:05  SCV  
  24  2:10  Command Center  
  24  2:15  Refinery  
  24  2:17  SCV  
  24  2:20  Reaper  
  26  2:29  SCV  
  27  2:42  SCV  
  28  2:55  Factory, Command Center  
  28  2:56  SCV  
  29  3:01  Barracks Reactor  
  29  3:05  Barracks Tech Lab  
  29  3:09  SCV  
  30  3:24  Orbital Command, SCV  
  30  3:25  Marine  
  32  3:37  SCV  
  33  3:44  Marine  
  33  3:45  Engineering Bay  
  33  3:46  Engineering Bay  
  33  3:47  Hellion  
  33  3:48  Hellion, Barracks Reactor  
  38  3:53  SCV x2  
  40  4:02  Marine  
  40  4:05  SCV x2  
  47  4:13  Orbital Command  
  47  4:14  Terran Infantry Weapons Level 1, Terran Infantry Armor Level 1  
  43  4:17  SCV  
  43  4:22  Hellion  
  43  4:23  Hellion  
  48  4:26  Marine  
  48  4:30  SCV x2  
  51  4:32  Marine  
  51  4:35  Marine  
  53  4:42  Supply Depot, SCV  
  53  4:43  SCV x2  
  56  4:47  Stimpack  
  56  4:54  SCV, Starport  
  56  4:55  SCV  
  56  4:56  SCV  
  56  4:58  Marine x2  
  61  5:04  Supply Depot, Marine  
  61  5:06  SCV  
  63  5:08  SCV x2  
  63  5:13  Hellion x2  
  69  5:17  Supply Depot  
  69  5:26  SCV x3, Marine x2  
  69  5:27  Supply Depot  
  74  5:30  Marine  
  74  5:31  Armory  
  74  5:35  Refinery  
  75  5:39  Medivac x2  
  75  5:41  SCV x2  
  81  5:46  Refinery  
  81  5:48  Marine x2  
  81  5:49  Orbital Command, Marine  
  84  5:52  Factory Tech Lab  
  84  5:55  SCV x2  
  86  5:57  Supply Depot  
  86  6:06  Marine x3  
  89  6:17  Barracks  
  89  6:23  Barracks, Terran Infantry Weapons Level 2  
  89  6:24  Marine x3, Barracks  
  92  6:28  Terran Infantry Armor Level 2  
  92  6:30  SCV  
  92  6:32  Starport Reactor  
  93  6:35  Combat Shield  
  96  6:40  Siege Tank  
  96  6:42  SCV, Marine x2  
  96  6:44  SCV x2  
  96  6:49  Marine  
  84  6:54  SCV  
  84  6:56  SCV x2  
  84  7:00  Marine x2  
  89  7:02  Supply Depot  
  89  7:03  Supply Depot  
  89  7:06  SCV, Marine, Terran Vehicle Weapons Level 1  
  89  7:07  Marine x2  
  89  7:08  SCV x2  
  95  7:13  Barracks Reactor x2  
  95  7:15  Siege Tank  
  98  7:17  Marine x2  
  98  7:19  SCV  
  98  7:22  Supply Depot  
  101  7:23  SCV x2  
  101  7:24  Marine  
  101  7:26  Medivac x2  
  101  7:27  Marine x2  
  110  7:31  Supply Depot, Refinery  
  110  7:33  Supply Depot  
  110  7:35  Marine x2  
  112  7:42  Marine  
  113  7:45  Marine x2  
  113  7:47  SCV x3  
  113  7:49  Supply Depot  
  113  7:50  Factory  
  113  7:51  Marine x4  
  118  7:53  Marine x2  
  118  7:56  Siege Tank  
  127  8:00  Marine  
  127  8:03  Marine x2  
  130  8:10  Command Center  
  130  8:11  Marine x6  
  136  8:15  SCV x3  
  136  8:18  Supply Depot, Marine  
  136  8:19  Supply Depot  
  140  8:26  Barracks  
  140  8:27  Barracks x2  
  140  8:31  SCV  
  140  8:32  SCV x2, Marine x6  
  140  8:33  Marine x2  
  140  8:34  Factory Reactor  
  147  8:41  Terran Infantry Weapons Level 3  
  147  8:44  Terran Infantry Armor Level 3  
  140  8:49  Marine  
  140  8:50  Marine  
  140  8:52  Marine x2  
  140  8:53  Medivac x2  
  140  8:54  Marine x3  
  140  8:56  Marine  
  140  8:57  Marine  
  140  9:01  Widow Mine  
  134  9:07  Marine  
  134  9:08  Marine  
  136  9:10  Marine x2  
  136  9:11  Marine  
  136  9:12  Marine x2, Widow Mine x2  
  136  9:15  Marine x2  
  141  9:21  Barracks Tech Lab x2  
  141  9:23  Medivac x2  
  140  9:25  Marine  
  140  9:26  Marine  
  140  9:27  SCV x2  
  140  9:29  SCV  
  139  9:39  SCV  
  139  9:40  Marine x4  
  139  9:41  Marine  
  139  9:43  Marine x2  
  139  9:44  Marine x2  
  149  9:46  SCV x2  
  149  9:51  SCV  
  152  9:55  Barracks Tech Lab, Marauder x2  
  156  10:02  Concussive Shells, Marauder  
  156  10:06  Planetary Fortress  
  158  10:10  Supply Depot x2, Marine x4  
  162  10:15  Marine x4  
  162  10:17  Marauder  
  162  10:19  Marauder  
  172  10:21  Widow Mine  
  172  10:23  Marauder  
  172  10:25  Widow Mine x2  
  178  10:32  Marine  
  177  10:42  Marauder x2, Widow Mine  
  176  10:43  Marine x4  
  176  10:44  Marine x2  
  176  10:48  Supply Depot  
  176  10:49  Marauder x2  
  186  10:53  Sensor Tower  
  186  10:56  Marine  
  177  11:03  Marauder  
  177  11:04  Marine x7, Marauder  
  178  11:07  Widow Mine x3  
  178  11:10  Ghost Academy, Marauder x2  
  194  11:14  Command Center  
  194  11:19  Marine  
  194  11:21  Marine  
  194  11:25  Marauder x2  
  200  11:38  Marauder  
  178  11:40  Marine  
  178  11:43  Marine x2, Widow Mine  
  178  11:45  Marine  
  178  11:46  Marine  
  150  11:54  Marine, Medivac x2  
  150  11:55  Marine x5  
  150  11:58  Marine  
  150  11:59  Marine  
  154  12:01  Marine x2  
  154  12:03  Marine  
  154  12:04  Marine  
  156  12:09  Personal Cloaking  
  156  12:12  Marine x3  
  156  12:13  Marauder x3  
  156  12:14  Command Center x2  
  163  12:16  Marine x2  
  163  12:17  Widow Mine x2  
  163  12:18  Widow Mine  
  163  12:19  Marine x2  
  163  12:21  Marine  
  174  12:24  Medivac x2  
  174  12:25  Marine  
  179  12:30  Marine x3  
  179  12:34  Marine x2, Marauder  
  188  12:40  Marine x3  
  188  12:41  Marine  
  188  12:43  Marine  
  193  12:50  Marine x3  
  167  12:52  Marauder  
  167  12:54  Medivac x2  
  167  12:55  Ghost x2  
  175  12:58  Ghost  
  175  13:01  Refinery x2  
  175  13:04  Sensor Tower  
  175  13:10  Marine x2  
  175  13:11  Marine x4  
  175  13:12  Marine x2  
  179  13:13  Ghost  
  181  13:24  Marine x2, Medivac x2  
  187  13:27  Ghost  
  187  13:29  Supply Depot  
  187  13:32  Command Center  
  187  13:33  Orbital Command, Sensor Tower  
  187  13:41  Orbital Command, Ghost  
  184  13:52  Ghost  
  184  13:54  Medivac x2  
  184  13:56  Ghost x2  
  184  14:00  Marine x3  
  184  14:01  Marine  
  192  14:09  Planetary Fortress  
  192  14:24  Medivac x2  
  192  14:25  Ghost x2  
  198  14:38  Ghost, Command Center  
  198  14:42  Command Center  
  198  14:43  Command Center  
  191  15:15  Ghost x2  
  191  15:19  Ghost x2  
  184  15:23  Widow Mine x2  
  184  15:27  Marine x3  
  184  15:28  Marine  
  192  15:36  Fusion Core  
  192  15:37  Starport x2  
  192  15:43  Ghost x2  
  192  15:44  Command Center  
  192  15:48  Missile Turret, Widow Mine x2  
  192  15:49  Missile Turret  
  200  15:50  Missile Turret  
  188  16:04  Marauder  
  188  16:05  Marauder  
  188  16:09  Marine  
  188  16:10  Marine x3  
  188  16:11  Marine x2, Liberator x2  
  185  16:12  Ghost x2  
  195  16:25  Ghost x2  
  184  16:29  Marine x3  
  156  16:40  Ghost x2  
  140  16:47  Marine x2  
  140  16:48  Marine x2  
  140  16:51  Orbital Command  
  137  17:05  Marine x2  
  137  17:06  Marine x2  
  137  17:07  Marine x3  
  117  17:11  Marine x5, Widow Mine  
  122  17:17  Orbital Command x2  
  121  17:23  Marine x2  
  121  17:24  Marine x2  
  121  17:25  Marine x3  
  129  17:32  Widow Mine  
  129  17:36  Marine x2  
  116  17:41  Marine x2  
  116  17:42  Marine  
  118  17:47  Marine  
  118  17:48  Marine  
  109  17:54  Marine  
  109  17:55  Marine  
  109  17:58  Marine, Medivac x2  
  111  18:04  Marine  
  113  18:09  Marine x2  
  115  18:12  Marine  
  115  18:13  Marine x4  
  116  18:23  Marine  
  116  18:24  Marine  
  118  18:27  Marine  
  118  18:34  Marine x4  
  123  18:46  Marine  
  124  18:51  Marine  
  124  18:52  Marine x2  
  127  18:57  Marine  
  127  19:01  Marine  
  129  19:04  Marine x2  
  132  19:10  Marine x5  
  132  19:12  Siege Tank  
  139  19:29  Marine  
  139  19:30  Marine x5  
  145  19:32  Marine  
  145  19:34  Marine  
  145  19:57  Marine  
  131  20:06  Marine x2  
  131  20:07  Marine x2  
  132  20:10  Marine  
Tags
 
Add a new tag
Caveats
  • Supply blocks, unpowered buildings, or Contaminate may cause inaccurate times.
  • Supply counts are checked every 10 seconds.